[Event "FIDE Women World Blitz 2021"]
[Site "Warsaw"]
[Date "2021.12.30"]
[Round "14.27"]
[White "Majdan, Joanna"]
[Black "Gaboyan, Susanna"]
[Result "1-0"]
[ECO "B30"]
[WhiteElo "2325"]
[BlackElo "2253"]
[Annotator "NA"]
[PlyCount "101"]
[EventDate "2021.12.29"]
[EventType "swiss"]
[EventCountry "POL"]
[Tiebreak "Cut1 Buchholz"]
[SourceTitle "playchess.com"]
[Source "ChessBase"]
[SourceQuality "1"]
[TimeControl "180+2"]

1. e4 c5 2. Nc3 Nc6 3. Bb5 Nd4 4. Nf3 e6 5. O-O a6 6. Bd3 Nc6 7. b3 d5 8. exd5 exd5 9. Bb2 Nf6 10. Re1+ Be7 11. h3 O-O 12. Bf1 Bd6 13.
d4 b6 14. Bd3 Bc7 15. Bf1 Qd6 16. g3 Bf5 17. a3 Rfe8 18. dxc5 bxc5 19. Bg2 Rxe1+ 20. Nxe1 d4 21. Na4 Re8 22. Nd3 c4 23. bxc4 Na5 24. Nb4 Nxc4 25. Qxd4 Nxb2 26. Qxd6 Bxd6 27. Nxb2 a5 28. N4d3 Re2 29. Nc4 Bc7 30. Ne3 Bxd3 31. cxd3 g6 32. Rc1 Bxg3 33. fxg3 Rxe3 34. Bf1 Rxg3+ 35. Kf2 Rg5 36. Rc8+ Kg7 37. Ra8 h5 38. d4 Ne4+ 39. Ke3 Nc3 40. Kd2 Ne4+ 41. Ke3 Ng3 42. Bd3 h4 43. Kf4 Rd5 44. Ke3 g5 45. a4 f5 46. Ra7+ Kf6 47.
Ra6+ Kg7 48. Ra7+ Kg6 49. Ra6+ Kh5 50. Bc4 Rd8 51. Bf7# 1-0

[Event "FIDE Women World Blitz 2021"]
[Site "Warsaw"]
[Date "2021.12.30"]
[Round "14.28"]
[White "Garcia Martin, Marta"]
[Black "Semenova, Elena"]
[Result "0-1"]
[ECO "C01"]
[WhiteElo "2194"]
[BlackElo "2233"]
[Annotator "NA"]
[PlyCount "94"]
[EventDate "2021.12.29"]
[EventType "swiss"]
[EventCountry "POL"]
[Tiebreak "Cut1 Buchholz"]
[SourceTitle "playchess.com"]
[Source "ChessBase"]
[SourceQuality "1"]
[TimeControl "180+2"]

1. e4 e5 2. Nf3 Nf6 3. Nxe5 d6 4. Nf3 Nxe4 5. d3 Nf6 6. d4 d5 7. Bd3 Bd6 8. O-O O-O 9. Bg5 h6 10. Bh4 g5 11. Bg3 Bg4 12.
Bxd6 Qxd6 13. Nbd2 Nbd7 14. c3 Rae8 15. Qc2 Re7 16. h3 Bxf3 17.
Nxf3 Rfe8 18. c4 dxc4 19. Bxc4 Kg7 20. Rad1 c6 21. Bd3 Nd5 22. a3 Nf4 23. Bf5 Re2 24. Rd2 Nb6 25. Rfd1 Qd5 26. Bd3 Rxd2 27. Qxd2 Nxh3+ 28. gxh3 Qxf3 29. Bf1 Nd5 30. Bg2 Qe2 31. Bxd5 cxd5 32. Kg2 Re4 33. Qxe2 Rxe2 34. Rb1 Rd2 35. Rc1 Rxb2 36. Rc5 Rb3 37. Rxd5 Rxa3 38. Rd7 Rb3 39. d5 Kf6 40. Rd6+ Ke7 41. Rxh6 a5 42. Rh5 f6 43. Rh6 a4 44. h4 gxh4 45. Rxh4 b5 46. Rd4 Kd6 47. Rd1 b4 0-1

[Event "FIDE Women World Blitz 2021"]
[Site "Warsaw"]
[Date "2021.12.30"]
[Round "14.29"]
[White "Hryzlova, Sofiia"]
[Black "Efroimski, Marsel"]
[Result "1-0"]
[ECO "A84"]
[WhiteElo "2097"]
[BlackElo "2419"]
[Annotator "NA"]
[PlyCount "139"]
[EventDate "2021.12.29"]
[EventType "swiss"]
[EventCountry "POL"]
[Tiebreak "Cut1 Buchholz"]
[SourceTitle "playchess.com"]
[Source "ChessBase"]
[SourceQuality "1"]
[TimeControl "180+2"]

1. d4 e6 2. c4 b6 3. Nc3 Bb7 4. Nf3 f5 5. g3 Nf6 6. Bg2 Bb4 7. O-O O-O 8.
Qc2 Bxc3 9. Qxc3 Be4 10. b4 Qe8 11. a4 a5 12. b5 d6 13. Ba3 Nbd7 14. c5 Nd5 15. Qc1 Qe7 16. cxd6 cxd6 17. Ne5 Bxg2 18. Kxg2 Nxe5 19. dxe5 Qb7 20. Qc6 Qxc6 21. bxc6 dxe5 22. Bxf8 Kxf8 23. Rfc1 Ke7 24. f3 Rc8 25. e4 Nb4 26. c7 Kd7 27. exf5 exf5 28. Re1 Ke6 29. Rec1 Kd6 30. Rd1+ Kxc7 31. Rac1+ Nc6 32. Rd5 Re8 33. Rcd1 Nd4 34. f4 Nc6 35. Rd7+ Kc8 36. Rxg7 e4 37. Rdd7 Nd8 38. Rde7 Rf8 39. Rxh7 Rf6 40. Rc7+ Kb8 41. Rhd7 Rf8 42. h4 Ne6 43. Rb7+ Kc8 44. Rf7 Rd8 45. Rxb6 Rd2+ 46. Kf1 Nd4 47. Rd6 e3 48. Rxd4 Rxd4 49. Ke2 Rxa4 50. Kxe3 Ra3+ 51. Kf2 Ra1 52. Rxf5 a4 53. Ra5 a3 54. Kf3 a2 55. Kg4 Kd8 56. h5 Ke8 57.
Kg5 Kf7 58. g4 Kg7 59. Ra7+ Kf8 60. Kf6 Kg8 61. Kg6 Kf8 62. h6 Rg1 63. Ra8+ Ke7 64. g5 a1=Q 65. Rxa1 Rxa1 66. h7 Rh1 67. Kg7 Ke6 68. h8=Q Rxh8 69. Kxh8 Kf5 70. Kh7 1-0

[Event "FIDE Women World Blitz 2021"]
[Site "Warsaw"]
[Date "2021.12.30"]
[Round "14.30"]
[White "Ovod, Evgenija"]
[Black "Mammadova, Gulnar"]
[Result "1-0"]
[ECO "B06"]
[WhiteElo "2366"]
[BlackElo "2395"]
[Annotator "NA"]
[PlyCount "156"]
[EventDate "2021.12.29"]
[EventType "swiss"]
[EventCountry "POL"]
[Tiebreak "Cut1 Buchholz"]
[SourceTitle "playchess.com"]
[Source "ChessBase"]
[SourceQuality "1"]
[TimeControl "180+2"]

1. e4 g6 2. d4 Bg7 3. c3 d6 4. Bd3 Nd7 5. Nf3 e5 6. O-O Ne7 7. Be3 O-O 8.
Nbd2 a6 9. a4 b6 10. b4 Bb7 11. d5 h6 12. Ne1 f5 13. f3 Nf6 14. c4 f4 15.
Bf2 g5 16. c5 h5 17. cxb6 cxb6 18. Nc4 b5 19. Bb6 Qd7 20. Na5 Bxd5 21. exd5 Nexd5 22. Qb3 Kh8 23. Bf2 g4 24. Be4 Nxe4 25. fxe4 Nf6 26. Qd3 bxa4 27. Bh4 Ne8 28. Nc2 Nc7 29. Rad1 Nb5 30. Nc4 Bf6 31. Bxf6+ Rxf6 32. Kh1 Qf7 33. Nb6 Rg8 34. Nd5 Rfg6 35. Na3 Nd4 36. Nc4 g3 37. h3 f3 38. Nce3 f2 39. Nf5 Qe6 40. Nde7 Rg5 41. Nxg8 Rxg8 42. Nxg3 Qg6 43. Rxf2 Qxg3 44. Qxg3 Rxg3 45. Rf6 Nb5 46. Rf8+ Kg7 47. Ra8 Re3 48. Rxa6 Rxe4 49. Rxa4 Kg6 50. Ra6 Rxb4 51. Rb6 Kf5 52. Rdxd6 Nxd6 53. Rxb4 e4 54. Kg1 Kf4 55. Kf2 Nf5 56. Ra4 h4 57. Rb4 Ng3 58. Rb8 e3+ 59. Ke1 Ne4 60. Rf8+ Kg3 61. Rg8+ Kf4 62. Rg4+ Kf5 63. Rxh4 Nc3 64. Rc4 Nd5 65. Ke2 Ke6 66. Re4+ Kf5 67. Rxe3 Nf4+ 68. Kf3 Nd5 69. Ra3 Nb4 70. Ra5+ Kf6 71. g4 Nd3 72. h4 Ne1+ 73. Kg3 Nc2 74. g5+ Kg6 75. Ra6+ Kf5 76. Rf6+ Ke5 77. h5 Nd4 78. Kg4 Kd5 1-0

[Event "FIDE Women World Blitz 2021"]
[Site "Warsaw"]
[Date "2021.12.30"]
[Round "14.31"]
[White "Antolak, Julia"]
[Black "Cyfka, Karina"]
[Result "1/2-1/2"]
[ECO "C86"]
[WhiteElo "2334"]
[BlackElo "2416"]
[Annotator "NA"]
[PlyCount "129"]
[EventDate "2021.12.29"]
[EventType "swiss"]
[EventCountry "POL"]
[Tiebreak "Cut1 Buchholz"]
[SourceTitle "playchess.com"]
[Source "ChessBase"]
[SourceQuality "1"]
[TimeControl "180+2"]

1. e4 e5 2. Nf3 Nc6 3. Bb5 a6 4. Ba4 Nf6 5. d3 b5 6. Bb3 Be7 7. c3 O-O 8. h3 d5 9. Qe2 d4 10. O-O h6 11. Rd1 Bc5 12. Nbd2 Qe7 13.
Nf1 Kh7 14. cxd4 Nxd4 15. Nxd4 Bxd4 16. Be3 c5 17. Rac1 Be6 18. Bxe6 Qxe6 19. Bxd4 cxd4 20. b3 Rac8 21. Qb2 Nh5 22. Ng3 Nxg3 23. fxg3 f5 24. exf5 Qxf5 25. Qe2 Qg5 26. Rxc8 Rxc8 27. Kh2 Kh8 28. Re1 Re8 29. Qe4 Qf6 30. Rc1 Qf2 31. a4 bxa4 32. bxa4 a5 33.
Qg6 Rg8 34. Rc5 Qe1 35. Qf5 Re8 36. Rc7 Qe3 37. Ra7 e4 38.
dxe4 Qxe4 39. Qf7 Rg8 40. Rxa5 d3 41. Qd5 Qxd5 42. Rxd5 Ra8 43. a5 d2 44. Rxd2 Rxa5 45. g4 Kh7 46. Kg3 Rb5 47. Rd3 Ra5 48. h4 Rb5 49. Rf3 Ra5 50. Kh3 Rb5 51. g3 Ra5 52. Re3 Rb5 53. Kg2 Rb2+ 54. Kf3 Rb4 55. Re4 Rb5 56. Kf4 Ra5 57. Re5 Ra4+ 58. Kf5 Ra3 59. Kf4 Ra4+ 60. Re4 Ra5 61. Rd4 Rb5 62. Kf3 Rb3+ 63. Kf4 Rb5 64. Re4 Ra5 65. Rd4 1/2-1/2

[Event "FIDE Women World Blitz 2021"]
[Site "Warsaw"]
[Date "2021.12.30"]
[Round "14.32"]
[White "Yakimova, Mariya"]
[Black "Dworakowska, Joanna"]
[Result "0-1"]
[ECO "A90"]
[WhiteElo "2219"]
[BlackElo "2228"]
[Annotator "NA"]
[PlyCount "70"]
[EventDate "2021.12.29"]
[EventType "swiss"]
[EventCountry "POL"]
[Tiebreak "Cut1 Buchholz"]
[SourceTitle "playchess.com"]
[Source "ChessBase"]
[SourceQuality "1"]
[TimeControl "180+2"]

1. d4 d5 2. c4 e6 3. Nf3 c6 4. g3 Bd6 5. Bg2 f5 6. O-O Nf6 7. b3 Qe7 8. Bb2 O-O 9. Nbd2 Bd7 10. Ne5 Be8 11. Qc2 Ne4 12. Nxe4 fxe4 13. f3 exf3 14. exf3 Nd7 15. Rae1 Nxe5 16. dxe5 Bc5+ 17. Kh1 Bg6 18.
Qc1 d4 19. f4 Rad8 20. Rd1 d3 21. a3 a5 22. Qc3 b6 23. Qc1 Rc8 24. Rfe1 h5 25.
Be4 Bxe4+ 26. Rxe4 Rcd8 27. Rd2 Qf7 28. Qd1 Qg6 29. Qf3 Rf7 30.
Rxd3 Rxd3 31. Qxd3 Rd7 32. Qe2 Rd1+ 33. Kg2 Rg1+ 34. Kh3 Qf5+ 35. Kh4 Be7# 0-1

[Event "FIDE Women World Blitz 2021"]
[Site "Warsaw"]
[Date "2021.12.30"]
[Round "14.33"]
[White "Fernandez, Maria Florencia"]
[Black "Dylag, Emilia"]
[Result "1-0"]
[ECO "E52"]
[WhiteElo "2184"]
[BlackElo "1863"]
[Annotator "NA"]
[PlyCount "93"]
[EventDate "2021.12.29"]
[EventType "swiss"]
[EventCountry "POL"]
[Tiebreak "Cut1 Buchholz"]
[SourceTitle "playchess.com"]
[Source "ChessBase"]
[SourceQuality "1"]
[TimeControl "180+2"]

1. d4 d5 2. c4 e6 3. Nc3 Bb4 4. Nf3 Nf6 5. e3 O-O 6. Bd3 b6 7. cxd5 exd5 8. O-O Bb7 9. Ne5 Nbd7 10. f4 Be7 11. Qf3 c5 12. g4 cxd4 13.
exd4 Ne4 14. Be3 Nxe5 15. fxe5 Nxc3 16. bxc3 Rc8 17. Rac1 g6 18. Rc2 Bg5 19. Bf2 Qe7 20. Bg3 Qa3 21. Be1 Qe7 22. Qg3 Qd7 23. h4 Be7 24. h5 Bc6 25. Rh2 Bb5 26. hxg6 fxg6 27. Rxf8+ Rxf8 28. e6 Qc6 29. Qh3 h5 30. gxh5 Bxd3 31. Qxd3 Qxe6 32. Qxg6+ Qxg6+ 33. hxg6 Bf6 34. Rh5 Rd8 35. Rh7 a5 36. Rb7 Rd6 37. Bg3 Rc6 38. Be1 Bg5 39. Kg2 Bc1 40. Kf3 Bb2 41. Kg4 Rxg6+ 42. Kf5 Rc6 43. Bg3 Bxc3 44. Be5 Bb4 45. Bf6 Bc3 46. Kg6 Rc8 47. Rh7 1-0

[Event "FIDE Women World Blitz 2021"]
[Site "Warsaw"]
[Date "2021.12.30"]
[Round "14.34"]
[White "Smirnova, Ekaterina"]
[Black "Maisuradze, Nino"]
[Result "0-1"]
[ECO "A67"]
[WhiteElo "2196"]
[BlackElo "2175"]
[Annotator "NA"]
[PlyCount "184"]
[EventDate "2021.12.29"]
[EventType "swiss"]
[EventCountry "POL"]
[Tiebreak "Cut1 Buchholz"]
[SourceTitle "playchess.com"]
[Source "ChessBase"]
[SourceQuality "1"]
[TimeControl "180+2"]

1. d4 Nf6 2. c4 c5 3. d5 e6 4. Nc3 exd5 5. cxd5 d6 6. e4 g6 7. Bb5+ Nfd7 8.
f4 a6 9. Bd3 b5 10. a3 Bg7 11. Nf3 O-O 12. O-O Nb6 13. f5 N8d7 14. Bg5 Bf6 15.
h4 Nc4 16. Bxc4 bxc4 17. Qe2 Rb8 18. Rab1 Nb6 19. Bxf6 Qxf6 20. e5 Qxf5 21. exd6 Qd3 22. Qe7 Rb7 23. Qg5 f6 24. Qg3 Nxd5 25. Nxd5 Qxd5 26. Rbd1 Qc6 27. h5 Rg7 28. h6 Rd7 29. Rfe1 Bb7 30. Re7 Rfd8 31. Rde1 Rxd6 32. Nh4 R6d7 33. Nxg6 Qxg2+ 34. Qxg2 Bxg2 35. Re8+ Rxe8 36. Rxe8+ Kf7 37. Rf8+ Kxg6 38.
Kxg2 Rd2+ 39. Kf3 Rxb2 40. Rc8 Rb3+ 41. Ke4 Rxa3 42. Rxc5 Kxh6 43. Rxc4 a5 44. Kf5 Rf3+ 45. Kg4 Re3 46. Kf5 Rf3+ 47. Kg4 Rb3 48. Rc5 a4 49. Ra5 a3 50. Kf5 Rf3+ 51. Kg4 Re3 52. Ra6 Kg6 53. Kf4 Rb3 54. Kg4 h5+ 55. Kh4 Rd3 56. Rxa3 Rd4+ 57. Kg3 Kg5 58. Ra8 Rg4+ 59. Kf3 Rf4+ 60. Kg3 h4+ 61. Kh3 Rf3+ 62. Kg2 Rg3+ 63. Kf2 f5 64. Rg8+ Kf4 65. Ra8 Rg6 66. Ra4+ Kg5 67. Kg2 f4 68. Kf3 h3 69. Ra1 Kh4 70. Ra2 Rg3+ 71. Kxf4 Rg2 72. Ra8 Rf2+ 73. Ke3 Rf1 74. Rh8+ Kg3 75. Rg8+ Kh2 76. Ke2 Rf7 77. Rg6 Kh1 78. Rg5 Rf4 79. Rg8 Kh2 80. Rg7 Kh1 81. Rg6 Ra4 82. Rg8 h2 83. Kf2 Ra2+ 84. Kf1 Ra1+ 85. Kf2 Rg1 86. Rh8 Rg2+ 87. Kf1 Rg5 88. Kf2 Rf5+ 89. Ke2 Kg2 90. Rg8+ Kh3 91. Rh8+ Kg3 92. Rg8+ Kh4 0-1

[Event "FIDE Women World Blitz 2021"]
[Site "Warsaw"]
[Date "2021.12.30"]
[Round "14.35"]
[White "Doluhanova, Evgeniya"]
[Black "Loskutova, Viktoriya"]
[Result "0-1"]
[ECO "D94"]
[WhiteElo "2237"]
[BlackElo "2195"]
[Annotator "NA"]
[PlyCount "116"]
[EventDate "2021.12.29"]
[EventType "swiss"]
[EventCountry "POL"]
[Tiebreak "Cut1 Buchholz"]
[SourceTitle "playchess.com"]
[Source "ChessBase"]
[SourceQuality "1"]
[TimeControl "180+2"]

1. Nf3 Nf6 2. b3 d5 3. Bb2 g6 4. e3 Bg7 5. c4 c6 6. Be2 O-O 7. O-O Re8 8. d4 Ne4 9. Nc3 Nxc3 10. Bxc3 Nd7 11. cxd5 cxd5 12. Rc1 Nf6 13. Bd3 Bd7 14. Ne5 Rc8 15. Qe2 a6 16. Bb2 Qa5 17. Nxd7 Nxd7 18. a3 Qb6 19. b4 Nb8 20. h3 Nc6 21. Rc5 e6 22. Rfc1 Bf8 23.
R5c2 Na7 24. Bc3 Nb5 25. Bxb5 axb5 26. Bb2 Rc4 27. e4 Rec8 28. exd5 exd5 29. Rc3 Bg7 30. Rxc4 bxc4 31. Qe3 Qc6 32. Bc3 b5 33. Re1 Ra8 34. Bb2 c3 35. Qxc3 Qxc3 36. Bxc3 Rxa3 37. Re8+ Bf8 38. Bd2 Kg7 39. Bf4 Bxb4 40. Be5+ f6 41. Bf4 g5 42. Be3 Ra1+ 43. Kh2 Bc3 44. Rd8 b4 45. Rb8 Rb1 46. h4 h6 47. hxg5 hxg5 48.
Kh3 Kg6 49. Kg4 f5+ 50. Kf3 f4 51. Rb6+ Kf5 52. Rb5 fxe3 53.
fxe3 g4+ 54. Ke2 Ke4 55. Rb8 Re1+ 56. Kf2 g3+ 57. Kxg3 Rxe3+ 58. Kg4 Kxd4 0-1

[Event "FIDE Women World Blitz 2021"]
[Site "Warsaw"]
[Date "2021.12.30"]
[Round "14.36"]
[White "Smietanska, Wiktoria"]
[Black "Michna, Marta"]
[Result "0-1"]
[ECO "A54"]
[WhiteElo "1765"]
[BlackElo "2312"]
[Annotator "NA"]
[PlyCount "137"]
[EventDate "2021.12.29"]
[EventType "swiss"]
[EventCountry "POL"]
[Tiebreak "Cut1 Buchholz"]
[SourceTitle "playchess.com"]
[Source "ChessBase"]
[SourceQuality "1"]
[TimeControl "180+2"]

1. c4 Nf6 2. Nc3 d6 3. g3 Nbd7 4. Bg2 e5 5. d4 Be7 6. Nf3 O-O 7. O-O c6 8. d5 c5 9. e4 Ne8 10. Rb1 g6 11. b4 cxb4 12. Rxb4 Nc5 13. Be3 b6 14. a4 Ng7 15. Rb1 f5 16. exf5 Bxf5 17. Ra1 Bd3 18.
Re1 Bxc4 19. a5 Nb3 20. Nd2 Nxd2 21. Qxd2 b5 22. a6 Nf5 23. Reb1 Qd7 24. Ra5 Nxe3 25. fxe3 Rfb8 26. Rb4 Bd8 27. Ra1 Bb6 28. Rab1 Bc5 29. R4b2 Rb6 30. Ne4 Rf8 31. Nxc5 dxc5 32. e4 Rxa6 33. Qe3 Qd6 34. Bf1 Bxf1 35. Rxf1 Rxf1+ 36. Kxf1 Rb6 37. Qf3 Qf6 38. Qxf6 Rxf6+ 39. Ke2 a6 40. Rc2 c4 41. Ra2 Kf8 42. Ke3 Ke7 43. Ra5 Rb6 44. Ra1 b4 45. Rc1 b3 46. Kd2 b2 47. Rb1 Rb3 48.
Kc2 Re3 49. Rxb2 Rxe4 50. Kc3 Kd6 51. Rb6+ Kxd5 52. Rxa6 Re3+ 53. Kd2 Rb3 54. Ra7 Rb2+ 55. Kc3 Rxh2 56. Ra5+ Ke4 57. Kxc4 Rg2 58. Ra3 Re2 59. Ra7 h5 60. Rg7 Kf5 61. Rf7+ Kg4 62. Rg7 g5 63. Rh7 Re3 64. Kd5 Rxg3 65. Kxe5 h4 66. Ke4 h3 67. Ra7 h2 68. Ra1 Rg1 69. Kd4 0-1

[Event "FIDE Women World Blitz 2021"]
[Site "Warsaw"]
[Date "2021.12.30"]
[Round "14.37"]
[White "Parol, Pola"]
[Black "Badelka, Olga"]
[Result "0-1"]
[ECO "C79"]
[WhiteElo "1823"]
[BlackElo "2188"]
[Annotator "NA"]
[PlyCount "76"]
[EventDate "2021.12.29"]
[EventType "swiss"]
[EventCountry "POL"]
[Tiebreak "Cut1 Buchholz"]
[SourceTitle "playchess.com"]
[Source "ChessBase"]
[SourceQuality "1"]
[TimeControl "180+2"]

1. e4 e5 2. Nf3 Nc6 3. Bb5 Nf6 4. d3 d6 5. O-O a6 6. Ba4 b5 7. Bb3 Na5 8. c3 Nxb3 9. Qxb3 Be7 10. Re1 O-O 11. h3 Be6 12.
Qc2 h6 13. Nbd2 c5 14. a4 b4 15. c4 Nh7 16. Nf1 f5 17. exf5 Bxf5 18. N3d2 Ng5 19. Re3 Ne6 20. Ng3 Nd4 21. Qd1 Bg5 22. Re1 Bxd3 23. Nde4 Bc2 24. Qg4 Bxc1 25. Raxc1 Rf4 26. Qg6 Qf8 27. Nh5 Bxe4 28. Rxe4 Rxf2 29. Rg4 Rf7 30. Kh2 Kh8 31. Rf1 Rxf1 32. Nxg7 Rf6 33. Qh5 Ra7 34. Rg6 Rxg6 35. Qxg6 Qxg7 36. Qe8+ Kh7 37. Qh5 Rf7 38. Qd1 e4 0-1

[Event "FIDE Women World Blitz 2021"]
[Site "Warsaw"]
[Date "2021.12.30"]
[Round "14.38"]
[White "Strutinskaia, Galina"]
[Black "Kurmangaliyeva, Liya"]
[Result "0-1"]
[ECO "E51"]
[WhiteElo "2188"]
[BlackElo "2222"]
[Annotator "NA"]
[PlyCount "128"]
[EventDate "2021.12.29"]
[EventType "swiss"]
[EventCountry "POL"]
[Tiebreak "Cut1 Buchholz"]
[SourceTitle "playchess.com"]
[Source "ChessBase"]
[SourceQuality "1"]
[TimeControl "180+2"]

1. d4 Nf6 2. c4 e6 3. Nc3 Bb4 4. Bd2 O-O 5. e3 d5 6. Nf3 b6 7. cxd5 exd5 8. Bd3 Ba6 9. Bxa6 Nxa6 10. O-O c6 11. Ne5 Nb8 12. Qa4 Bxc3 13.
Bxc3 Qc7 14. Rfc1 Rc8 15. b4 Nfd7 16. Nd3 Nf6 17. Be1 Nbd7 18.
Rc2 b5 19. Qb3 Nb6 20. a4 Nxa4 21. Ne5 Qb7 22. Rac1 Nb6 23. Nxc6 Nc4 24. Ne5 Ne4 25. Nd3 Qb6 26. Re2 Ned6 27. f3 a5 28. bxa5 Nxa5 29. Qxd5 Rxc1 30. Nxc1 Rc8 31. Nd3 Nac4 32. Nc5 b4 33. Nb3 Qa6 34. Bxb4 Nb6 35. Qxd6 Qxe2 36. Nc5 Qxe3+ 37. Kf1 Re8 38. Ne4 Nc4 39. Qc6 Qc1+ 40. Ke2 Qc2+ 41. Ke1 Rb8 42. Qc5 Qb1+ 43. Ke2 Qxb4 44. Qg5 Qb6 45. Qd5 Nb2 46. Nc5 h6 47. h4 Qb5+ 48. Kf2 Nd3+ 49. Kg3 Nxc5 50. dxc5 Rc8 51. Qe4 Qxc5 52. Kh3 Qc6 53. Qd4 Qe6+ 54. g4 Qe2 55. Kg3 Re8 56. Qd7 Qe1+ 57. Kh3 Qe3 58. Kg3 Qe5+ 59. Kh3 Qe6 60. Qb5 g6 61. h5 Qe5 62. Qc6 gxh5 63. Qxh6 hxg4+ 64. fxg4 Qe3+ 0-1

[Event "FIDE Women World Blitz 2021"]
[Site "Warsaw"]
[Date "2021.12.30"]
[Round "14.39"]
[White "Beydullayeva, Govhar"]
[Black "Wikar, Martyna"]
[Result "1-0"]
[ECO "A55"]
[WhiteElo "2278"]
[BlackElo "1899"]
[Annotator "NA"]
[PlyCount "145"]
[EventDate "2021.12.29"]
[EventType "swiss"]
[EventCountry "POL"]
[Tiebreak "Cut1 Buchholz"]
[SourceTitle "playchess.com"]
[Source "ChessBase"]
[SourceQuality "1"]
[TimeControl "180+2"]

1. Nf3 d6 2. d4 Nf6 3. c4 Nbd7 4. Nc3 e5 5. e4 Be7 6. Be2 O-O 7. O-O c6 8. h3 Re8 9. Be3 Bf8 10. Qc2 Qc7 11. Rad1 a6 12. a4 Rb8 13. Rd2 g6 14. Rfd1 Bg7 15. dxe5 dxe5 16. c5 Nf8 17. Rd6 N6d7 18. b4 Ne6 19. Qd2 Re7 20. Bc4 Ndf8 21. a5 Bd7 22. Na4 Be8 23. Nb6 Kh8 24. Qa2 Rd8 25. Qd2 Rb8 26. g3 f5 27. exf5 gxf5 28.
Ng5 Nd4 29. Bxd4 exd4 30. Nf3 Ng6 31. Nxd4 Ne5 32. Be2 Bg6 33. Kh2 Rf8 34. f4 Nf7 35. Re6 Qd8 36. Rxe7 Qxe7 37. Bf3 Rd8 38. Qf2 Bf6 39. Nc2 Rxd1 40.
Bxd1 Qe4 41. Bf3 Qd3 42. Qe2 Qd8 43. Nc4 Kg7 44. Ne1 Qd7 45.
Nd3 Qd4 46. Nce5 Bxe5 47. fxe5 Nd8 48. e6 Nxe6 49. Ne5 Ng5 50.
Bg2 Qxb4 51. Nd7 Ne4 52. Qd3 Nxc5 53. Nxc5 Qxc5 54. Qd7+ Kf6 55. Qxb7 Qb5 56. Qxc6+ Qxc6 57. Bxc6 f4 58. gxf4 Bd3 59. Kg3 Kf5 60. Kf3 h5 61. h4 Bc4 62. Bd7+ Kf6 63. Ke4 Be2 64. Bc8 Bf1 65. Kd5 Ke7 66. Kc6 Kd8 67.
Bf5 Bb5+ 68. Kb6 Be2 69. Be6 Ke7 70. Bc8 Kf6 71. Bxa6 Bg4 72.
Bb7 Be6 73. a6 1-0

[Event "FIDE Women World Blitz 2021"]
[Site "Warsaw"]
[Date "2021.12.30"]
[Round "15.1"]
[White "Lagno, Kateryna"]
[Black "Assaubayeva, Bibisara"]
[Result "1-0"]
[ECO "B92"]
[WhiteElo "2550"]
[BlackElo "2400"]
[Annotator "ChessBase"]
[PlyCount "141"]
[EventDate "2021.12.29"]
[EventType "swiss"]
[EventCountry "POL"]
[Tiebreak "Cut1 Buchholz"]
[SourceTitle "playchess.com"]
[Source "ChessBase"]
[SourceQuality "1"]
[TimeControl "180+2"]

1. e4 c5 2. Nf3 d6 3. d4 cxd4 4. Nxd4 Nf6 5. Nc3 a6 6. Be2 e5 7. Nb3 Be7 8. Be3 O-O 9. g4 Be6 10. g5 Nfd7 11. Qd2 b5 12. Nd5 a5 13.
Nxe7+ Qxe7 14. Rd1 a4 15. Nc1 Nc5 16. Qxd6 Qxd6 17. Rxd6 Nxe4 18. Rb6 a3 19. bxa3 Nd7 20. Rxb5 Nc3 21. Rb4 Rxa3 22. Bc4 Nxa2 23. Nxa2 Bxc4 24. Rxc4 Rxa2 25. O-O f6 26. Rd1 Nb8 27. gxf6 gxf6 28. Bh6 Re8 29. Rc7 Ra6 30. Rd3 f5 31. Rg3+ Rg6 32. Rxg6+ hxg6 33. Rg7+ Kh8 34. Rxg6 Rc8 35. Bg5 Rxc2 36. Rf6 Kg7 37. Rxf5 Nd7 38. h4 Kg6 39. Rf3 e4 40. Rf4 Nc5 41. Rf6+ Kh5 42. Rc6 Kg4 43. Be3 Kxh4 44. Rxc5 Ra2 45. Kg2 Kg4 46. Rg5+ Kh4 47. Rg8 Rc2 48. Kf1 Kh5 49. Ke1 Kh4 50. Kd1 Ra2 51. Ke1 Rc2 52. Kf1 Kh5 53. Kg2 Kh4 54. Rf8 Kh5 55. Kg3 Ra2 56. Kf4 Ra4 57. Re8 Kg6 58. Rxe4 Ra5 59. Re6+ Kf7 60. Rb6 Ra4+ 61. Kg5 Ra5+ 62. Kg4 Ra4+ 63. f4 Ra3 64. Bd4 Ra4 65. Be5 Rc4 66. Kf5 Rc1 67. Rb7+ Kf8 68. Kg6 Rg1+ 69. Kf6 Ke8 70. Rb8+ Kd7 71. f5 1-0

[Event "FIDE Women World Blitz 2021"]
[Site "Warsaw"]
[Date "2021.12.30"]
[Round "15.1"]
[White "Movsesian, Julia"]
[Black "Sliwicka, Alicja"]
[Result "1/2-1/2"]
[ECO "B53"]
[WhiteElo "2322"]
[BlackElo "2303"]
[Annotator "NA"]
[PlyCount "112"]
[EventDate "2021.12.29"]
[EventType "swiss"]
[EventCountry "POL"]
[Tiebreak "Cut1 Buchholz"]
[SourceTitle "playchess.com"]
[Source "ChessBase"]
[SourceQuality "1"]
[TimeControl "180+2"]

1. e4 c5 2. Nf3 d6 3. Nc3 Nc6 4. Bb5 g6 5. d4 cxd4 6. Qxd4 Nf6 7. Bxc6+ bxc6 8.
e5 Nh5 9. exd6 Bg7 10. Qa4 Qxd6 11. O-O O-O 12. Be3 Bb7 13. Rad1 Qc7 14. Bc5 a5 15. Rfe1 Rfe8 16. Qh4 Bf6 17. Qe4 Bc8 18. Nb5 Qb8 19. Nd6 Rf8 20. Nxc8 Qxc8 21. g4 Ng7 22. c3 Ne6 23. Ba3 Qc7 24. h4 h6 25. c4 Rad8 26. b3 c5 27. Bc1 Bg7 28. Be3 Qc8 29. Rd5 Nd4 30.
Nxd4 cxd4 31. Bxd4 Rxd5 32. cxd5 Rd8 33. Bxg7 Kxg7 34. Rd1 Rd7 35. Kg2 Qc5 36. Kg3 Qd6+ 37. Kg2 Qc7 38. Qd4+ Kh7 39. Qe4 Kg7 40. Qe3 Kh7 41. f3 Qc2+ 42. Rd2 Qc7 43. Qd4 Qb7 44. Rd3 Qb5 45. Qe4 Qc5 46. Qc4 Qd6 47. Qe4 Qf6 48. h5 Qb2+ 49. Kg3 Rc7 50.
hxg6+ fxg6 51. d6 exd6 52. Rxd6 Rg7 53. Qd3 Qa1 54. Rd7 Qg1+ 55. Kh3 Qh1+ 56. Kg3 Qg1+ 1/2-1/2

[Event "FIDE Women World Blitz 2021"]
[Site "Warsaw"]
[Date "2021.12.30"]
[Round "15.2"]
[White "Gunina, Valentina"]
[Black "Shuvalova, Polina"]
[Result "1/2-1/2"]
[ECO "D32"]
[WhiteElo "2480"]
[BlackElo "2515"]
[Annotator "ChessBase"]
[PlyCount "115"]
[EventDate "2021.12.29"]
[EventType "swiss"]
[EventCountry "POL"]
[Tiebreak "Cut1 Buchholz"]
[SourceTitle "playchess.com"]
[Source "ChessBase"]
[SourceQuality "1"]
[TimeControl "180+2"]

1. d4 Nf6 2. c4 e6 3. Nf3 d5 4. Nc3 c5 5. cxd5 exd5 6. Bg5 Be6 7. e3 c4 8. Be2 Nc6 9. O-O Bb4 10. e4 Bxc3 11. bxc3 dxe4 12. Nd2 h6 13. Bxf6 Qxf6 14. Nxe4 Qe7 15. Nc5 O-O 16. Re1 Rad8 17. Nxe6 Qxe6 18. Qa4 a6 19. Qxc4 Qxc4 20. Bxc4 Na5 21. Bb3 Rc8 22. Rac1 b5 23. Re7 Nxb3 24. axb3 Rfd8 25. Re4 f5 26. Rf4 Rd5 27. Kf1 g5 28. Rf3 Rxd4 29. Rxf5 Rd3 30. Rf6 Kg7 31. Rxa6 Rdxc3 32. Rd1 Rc1 33. Rxc1 Rxc1+ 34. Ke2 Rb1 35. Kf3 Rxb3+ 36.
Kg4 Rb4+ 37. Kg3 Rc4 38. Rb6 b4 39. Kf3 Rc3+ 40. Ke4 Rc2 41.
Ke3 Rc4 42. h3 Rc3+ 43. Kd2 Rc4 44. f3 Rd4+ 45. Ke3 Rc4 46.
Kd3 Rc3+ 47. Ke4 Rc4+ 48. Ke5 Rc5+ 49. Ke6 Rc4 50. Kd5 Rc2 51. g4 Rc3 52. Ke4 b3 53. Rb7+ Kg6 54. Rb6+ Kg7 55. Rb7+ Kg6 56. Rb6+ Kg7 57. Rb7+ Kg6 58. Rb6+ 1/2-1/2

[Event "FIDE Women World Blitz 2021"]
[Site "Warsaw"]
[Date "2021.12.30"]
[Round "15.2"]
[White "Nurgali, Nazerke"]
[Black "Strutinskaia, Galina"]
[Result "1-0"]
[ECO "E10"]
[WhiteElo "2267"]
[BlackElo "2188"]
[Annotator "NA"]
[PlyCount "77"]
[EventDate "2021.12.29"]
[EventType "swiss"]
[EventCountry "POL"]
[Tiebreak "Cut1 Buchholz"]
[SourceTitle "playchess.com"]
[Source "ChessBase"]
[SourceQuality "1"]
[TimeControl "180+2"]

1. d4 e6 2. Nf3 Nf6 3. c4 c5 4. d5 b5 5. dxe6 fxe6 6. cxb5 d5 7. e3 Bd6 8. Be2 O-O 9. O-O a6 10. bxa6 Nxa6 11. b3 Bb7 12. Bb2 Nb4 13. Nc3 Qe7 14. a3 Nc6 15. Nb5 Bb8 16. Rc1 Nd7 17. Qc2 Ba6 18. Rfd1 Nd8 19. a4 Nf7 20. Bd3 h6 21. Ba3 Rc8 22. Qe2 e5 23.
Bf5 e4 24. Ne1 Qe5 25. Qh5 Bxb5 26. axb5 Rxa3 27. Rxd5 Qb2 28. Rdd1 Nf6 29. Qg6 Qe5 30. Bxc8 Qxh2+ 31. Kf1 Qh1+ 32. Ke2 Ra2+ 33. Rc2 Rxc2+ 34. Nxc2 Qh4 35. Be6 Qh5+ 36. Qxh5 Nxh5 37. Rd7 Kf8 38. Bxf7 Nf6 39. Rd8+ 1-0